Map: Ruins of Seras

Players

FireCake - Winner!

  • Race: Zerg Zerg
  • League: Master

Bomber

  • Race: Terran Terran

Event: DreamHack ROCCAT LotV Championship

VOD

Have the link to the VOD?

Description

Time

  • Played on: Nov. 26, 2015, 1:01 p.m.
  • Length: 5:14

All games in this series

Show
View Real Time Build Order
Export as new Build Order

FireCake Zerg - Winner!

Build Orders: Pool First, Roach Nydus 

Get SALT Encoding   

  12  0:01  Drone  
  13  0:08  Drone  
  14  0:17  Overlord  
  14  0:22  Extractor  
  14  0:23  Drone  
  15  0:35  Drone x2  
  17  0:45  Spawning Pool  
  17  0:49  Drone  
  17  1:05  Extractor  
  16  1:11  Hatchery  
  16  1:15  Drone  
  16  1:18  Drone  
  17  1:21  Drone  
  18  1:32  Queen  
  18  1:36  Zergling x2  
  21  1:40  Drone  
  22  1:50  Overlord  
  22  2:08  Queen  
  22  2:10  Drone  
  25  2:16  Drone  
  26  2:24  Queen  
  26  2:26  Drone  
  29  2:30  Drone  
  29  2:35  Drone x2  
  31  2:43  Drone x2  
  33  2:47  Lair  
  33  2:48  Drone  
  35  2:51  Drone  
  35  2:55  Overlord  
  35  3:01  Drone  
  36  3:09  Extractor  
  36  3:10  Extractor, Queen  
  36  3:15  Drone x3  
  36  3:17  Drone  
  36  3:19  Drone  
  41  3:20  Drone  
  41  3:22  Drone  
  41  3:25  Drone  
  44  3:34  Roach Warren  
  44  3:36  Overlord  
  43  3:45  Nydus Network  
  42  3:53  Overlord  
  42  4:14  Roach x8  
  58  4:22  Nydus Canal  
  58  4:24  Overlord  
  58  4:28  Overseer  
  58  4:29  Roach  
  58  4:30  Overlord  
  60  4:44  Nydus Canal  
  60  4:47  Roach x4  
  60  4:52  Roach  
Show
View Real Time Build Order
Export as new Build Order

Bomber Terran 

Build Orders: Reaper Expand, Banshee Rush 

Get SALT Encoding   

  12  0:00  SCV  
  13  0:12  SCV  
  14  0:18  Supply Depot  
  14  0:25  SCV  
  15  0:39  SCV  
  15  0:41  Barracks  
  16  0:46  Refinery  
  16  0:51  SCV  
  17  1:03  SCV  
  18  1:16  SCV  
  19  1:28  Orbital Command  
  19  1:29  Reaper  
  20  1:44  Command Center  
  20  1:54  Supply Depot  
  20  1:55  SCV  
  21  2:03  Marine  
  21  2:07  SCV  
  23  2:18  Factory  
  22  2:24  SCV  
  22  2:26  Barracks Reactor  
  22  2:28  Refinery  
  23  2:36  SCV  
  24  2:48  SCV  
  25  2:58  Orbital Command  
  25  3:00  SCV  
  25  3:03  Starport  
  26  3:08  Hellion x2  
  26  3:09  Barracks Tech Lab  
  26  3:12  SCV  
  31  3:18  Supply Depot  
  31  3:24  SCV  
  32  3:27  SCV  
  32  3:31  Hellion x2  
  37  3:38  SCV  
  37  3:39  Barracks Tech Lab  
  38  3:47  SCV  
  39  3:49  Cloaking Field  
  39  3:50  Banshee  
  39  3:52  SCV  
  43  3:59  SCV  
  43  4:00  Marine  
  45  4:04  SCV  
  45  4:07  Barracks  
  46  4:11  SCV, Factory Reactor  
  46  4:16  SCV  
  48  4:21  Supply Depot  
  48  4:23  SCV  
  50  4:25  Marauder  
  50  4:28  SCV, Bunker  
  50  4:31  Supply Depot  
  51  4:36  SCV  
  50  4:50  Marauder  
  41  4:55  Marine x2  

Tags
 
Add a new tag
Caveats
  • Supply blocks, unpowered buildings, or Contaminate may cause inaccurate times.
  • Supply counts are checked every 10 seconds.